 Dungeon Crawl Stone Soup version 0.26.1-15-g04117e645d (webtiles) character file.

Game seed: 4882330113180280422

14911 tkbsonic5 the Covert (level 11, -9/69 HPs)
             Began as a Vampire Abyssal Knight on Dec 24, 2022.
             Was a Priest of Lugonu.
             Mangled by a yak (15 damage)
             ... on level 3 of the Lair of Beasts on Dec 26, 2022.
             The game lasted 01:07:16 (16863 turns).

tkbsonic5 the Covert (Vampire Abyssal Knight)      Turns: 16863, Time: 01:07:17

Health: -9/69      AC: 21    Str: 12    XL:     11   Next: 94%
Magic:  8/16       EV: 18    Int: 15    God:    Lugonu [***...]
Gold:   675        SH:  0    Dex: 22    Spells: 10/10 levels left

rFire    . . .     SeeInvis +   a - +0 double sword (protect)
rCold    + + +     Faith    .   (no shield)
rNeg     + + +     Spirit   .   I - +2 leather armour {rC+}
rPois    ∞         Reflect  .   h - +0 helmet
rElec    .         Harm     .   u - +0 cloak
rCorr    .         Rampage  .   (no gloves)
Will     +....                  E - +2 pair of boots
Stlth    +++++++...             L - amulet of the acrobat
HPRegen  0.00/turn              S - +6 ring of dexterity
MPRegen  0.15/turn              Q - +4 ring of protection

@: lethally poisoned (-9 -> -9), protection aura, bloodless
A: fangs 3, see invisible, unbreathing
a: Bat Form, Revivify, Renounce Religion, Depart the Abyss, Bend Space, Banish


You were on level 3 of the Lair of Beasts.
You worshipped Lugonu.
Lugonu was most pleased with you.
You visited 2 branches of the dungeon, and saw 14 of its levels.
You visited the Abyss 1 time.

You collected 675 gold pieces.

Inventory:

Hand Weapons
 a - a +0 double sword of protection (weapon)
 e - a +2 spectral club
 n - a +2 dagger of venom
 r - a +4 quarterstaff of chaos
 w - a +3 long sword of venom
 D - a +2 vampiric dagger
 G - a +5 long sword
 R - a +0 hand crossbow
Missiles
 p - 6 atropa-tipped darts
 q - 23 bolts
 B - 12 boomerangs (quivered)
 K - a curare-tipped dart
Armour
 f - a +2 leather armour of cold resistance
 h - a +0 helmet (worn)
 l - a +0 chain mail
 o - a +3 ring mail
 u - a +0 cloak (worn)
 v - +0 acid dragon scales
 E - a +2 pair of boots (worn)
 H - a +0 tower shield
 I - a +2 leather armour of cold resistance (worn)
Magical Staves
 i - an uncursed staff of fire
Jewellery
 b - an uncursed ring of wizardry
 c - an uncursed amulet of magic regeneration
 j - an uncursed ring of resist corrosion
 t - an uncursed ring of protection from cold
 z - an uncursed ring of flight
 C - an uncursed ring of willpower
 L - an amulet of the acrobat (around neck)
 Q - a +4 ring of protection (right hand)
 S - a +6 ring of dexterity (left hand)
Wands
 P - a wand of iceblast (5)
Scrolls
 k - 3 scrolls of remove curse
 m - 2 scrolls of magic mapping
 s - a scroll of teleportation
 J - a scroll of amnesia
Potions
 d - 9 potions of curing
 g - a potion of brilliance
 x - a potion of ambrosia
 A - a potion of magic
 F - a potion of attraction {unknown}
 M - a potion of mutation
Miscellaneous
 T - a lightning rod (inert)


   Skills:
 * Level 8.8 Fighting
 - Level 7.8(8.5) Short Blades
 * Level 4.5(6.4) Long Blades
 - Level 4.9 Staves
 * Level 3.1 Throwing
 - Level 0.7 Armour
 + Level 7.9 Dodging
 * Level 10.8 Stealth
 + Level 2.3 Shields
 + Level 7.8 Invocations
 + Level 1.1 Evocations


You had 10 spell levels left.
You didn't know any spells.
Your spell library contained the following spells:

 Spells                   Type           Power        Failure   Level
 Confusing Touch          Hex            0%           71%         3
 Gell's Gravitas          Tloc           0%           71%         3
 Petrify                  Tmut/Erth      0%           98%         4
 Metabolic Englaciation   Hex/Ice        0%           100%        5
 Yara's Violent Unravell  Hex/Tmut       0%           100%        5


Dungeon Overview and Level Annotations

Branches:
Dungeon (11/15)            Temple (0/1) D:5            Lair (3/6) D:8
  Swamp (0/4) Lair:2       Spider (0/4) Lair:3          Orc (0/2) D:9

Altars:
Gozag
Nemelex Xobeh
Qazlal
Uskayaw
Wu Jian
Zin
Beogh

Shops:
D:4 *

Annotations:
D:2 Sigmund
D:8 corrupted
Lair:1 corrupted
Lair:3 corrupted
Abyss:1 Maurice, Psyche


Innate Abilities, Weirdness & Mutations

You do not regenerate when monsters are visible.
You are frail without blood (-20% HP).
You can heal yourself when you bite living creatures.
You are immune to poison.
You have razor-sharp teeth.
You have supernaturally acute eyesight. (SInv)
You can survive without breathing.


Message History

You hit the yak.
The yak is lightly wounded.
The yak gores you but does no damage.
You slash the yak!
The yak is heavily wounded.
The yak gores you.
* * * LOW HITPOINT WARNING * * *
You slash the yak! You bite the yak.
You draw the yak's blood!
You feel better.
The yak is severely wounded.
The yak gores you!
* * * LOW HITPOINT WARNING * * *
You fail to use your ability.
The yak completely misses you.
Lugonu's Hand of Corruption reaches out!
You can no longer corrupt the fabric of space.
The spatial maelstrom is devoured by a tear in reality.
The yak barely misses the red devil.
The yak misses you.
The yak gores the red devil.
Space bends sharply around you!
The red devil blinks!
The yak blinks! x2
You blink.
The yak gores you!
You die...

## #...#^^≈≈^.#
.#§####^###.≈.>#
.D§.#..^.#^.≈..#
.X4#.Y.#.##≈≈≈'#
###........^..^...#
#.§§....#..###..###
#..§YY...#....######
#.##3.#..#.##..^###..
# #@Y..##.##..##....
#..x3..u#..##.....
#.......##....†...
.###.......##........
.....................
...............Y.....
..................<..
...................Y.
.....................


You could see 4 yaks, a red devil (summoned), a neutral green very ugly thing
(summoned, wandering), a neutral large abomination (summoned), 2 neutral smoke
demons and a neutral small abomination (summoned).

Vanquished Creatures
  Harold (D:7)
  An orb spider (Lair:3)
  3 cane toads
  2 rime drakes (Lair:1)
  4 komodo dragons
  A troll (D:10)
  A hornet (D:11)
  2 polar bears
  5 blink frogs
  4 wraiths
  2 yaks (Lair:3)
  A wyvern (Lair:1)
  Menkaure (D:4)
  3 water moccasins
  An acid dragon (D:11)
  2 ice beasts
  5 orc warriors
  3 sky beasts (D:11)
  6 ogres
  2 phantoms
  2 necrophages
  5 centaurs (D:11)
  9 bullfrogs
  2 big kobolds
  A gnoll sergeant (D:10)
  A wyvern skeleton (D:11)
  4 scorpions
  8 killer bees
  13 wights
  2 howler monkeys
  A quasit (D:9)
  Crazy Yiuf (D:4)
  A bullfrog skeleton (D:5)
  7 orc priests
  3 hounds
  2 jellies
  Ijyb (D:5)
  An iguana (D:5)
  Natasha (D:2)
  11 orc wizards
  6 worker ants
  A hound skeleton (D:11)
  8 gnolls
  12 adders
  3 shadow imps
  4 white imps
  An ooze (D:1)
  An adder skeleton (D:5)
  2 worms (D:4)
  A dart slug (D:1)
  2 leopard geckos
  58 orcs
  A ball python (D:3)
  6 bats
  6 giant cockroaches
  8 goblins
  10 hobgoblins
  A jackal (D:7)
  26 kobolds
  2 quokkas
  2 frilled lizards (D:3)
  2 quokka skeletons
  8 rats
297 creatures vanquished.

Vanquished Creatures (others)
  3 death yaks (D:8)
  3 elephants (Lair:1)
  A black mamba (Lair:1)
  A blink frog (Lair:1)
  2 yaks (D:8)
  Grum (D:8)
  A water moccasin (Lair:1)
  A black bear (Lair:1)
  A sky beast (D:11)
  2 wolves (D:8)
  A water moccasin skeleton (D:8)
  An orc priest (D:8)
  4 hell rats (Lair:1)
  2 orc wizards (D:8)
  A worker ant (D:8)
  3 orcs (D:8)
  14 fungi
  11 plants
  2 starspawn tentacles (Lair:1)
55 creatures vanquished.

Grand Total: 352 creatures vanquished

Notes
Turn   | Place    | Note
-------+----------+-------------------------------------------
     0 | Abyss:1  | tkbsonic5 the Vampire Abyssal Knight began the quest for
                  | the Orb.
     0 | Abyss:1  | Reached XP level 1. HP: 17/17 MP: 2/2
    57 | Abyss:1  | Noticed a raiju
    58 | D:1      | Escaped the Abyss
   134 | D:1      | Reached skill level 1 in Stealth
   138 | D:1      | Reached XP level 2. HP: 20/23 MP: 3/3
   195 | D:1      | Reached * piety under Lugonu
   511 | D:1      | Reached skill level 2 in Stealth
   511 | D:1      | Reached XP level 3. HP: 21/28 MP: 4/4
  1254 | D:2      | Noticed Sigmund
  1471 | D:2      | Found a glowing silver altar of Zin.
  1482 | D:2      | Noticed Natasha
  1494 | D:2      | Killed Natasha
  1495 | D:2      | Reached XP level 4. HP: 22/28 MP: 5/5
  1649 | D:2      | Reached ** piety under Lugonu
  1815 | D:2      | Reached skill level 3 in Stealth
  2474 | D:3      | Found an opulent altar of Gozag.
  2612 | D:3      | Found a stormy altar of Qazlal.
  3166 | D:4      | Reached XP level 5. HP: 32/32 MP: 5/7
  3171 | D:4      | Noticed Menkaure
  3199 | D:4      | Killed Menkaure
  3200 | D:4      | Reached XP level 6. HP: 17/37 MP: 8/8
  3464 | D:4      | Found a sparkling altar of Nemelex Xobeh.
  3472 | D:4      | Reached skill level 4 in Stealth
  3616 | D:4      | Found Ysoegryogy's Assorted Antiques.
  4170 | D:4      | Reached XP level 7. HP: 44/48 MP: 9/9
  4246 | D:4      | Found a runed translucent door.
  4247 | D:4      | Noticed Crazy Yiuf
  4262 | D:4      | Killed Crazy Yiuf
  4612 | D:5      | Entered Level 5 of the Dungeon
  4647 | D:5      | Reached skill level 1 in Staves
  4773 | D:5      | Reached *** piety under Lugonu
  4920 | D:5      | Reached skill level 5 in Stealth
  5051 | D:5      | Found a staircase to the Ecumenical Temple.
  5310 | D:5      | Reached XP level 8. HP: 39/61 MP: 11/11
  5429 | D:5      | Noticed Ijyb
  5436 | D:5      | Killed Ijyb
  5573 | D:5      | You fall into a shaft and drop 2 floors!
  5580 | D:7      | Reached skill level 5 in Fighting
  5580 | D:7      | Reached skill level 5 in Short Blades
  5850 | D:7      | Reached skill level 6 in Stealth
  5850 | D:7      | Reached skill level 5 in Invocations
  5873 | D:7      | Found an ornate altar of the Wu Jian Council.
  5982 | D:7      | Noticed Harold
  6003 | D:7      | Killed Harold
  6004 | D:7      | Reached skill level 5 in Dodging
  6004 | D:7      | Reached XP level 9. HP: 53/69 MP: 11/13
  6698 | D:7      | Reached skill level 7 in Stealth
  6835 | D:7      | Found the +5 scythe "Finisher" {speed, eviscerate}
  7165 | D:8      | Reached **** piety under Lugonu
  7331 | D:8      | Noticed a two-headed ogre
  7347 | D:7      | Banished a two-headed ogre
  7468 | D:8      | Reached XP level 10. HP: 54/61 MP: 14/14
  7546 | D:8      | Noticed a death yak
  7561 | D:8      | HP: 2/61 [death yak (14)]
  7934 | D:8      | Noticed a death yak
  7936 | D:8      | Noticed a death yak
  7960 | D:8      | Corrupted D:8
  7960 | D:8      | Noticed a tentacled monstrosity
  7960 | D:8      | Noticed a lich
  7960 | D:8      | Noticed a large abomination
  7960 | D:8      | Noticed a large abomination
  7961 | D:8      | Noticed a thrashing horror
  7962 | D:8      | Killed a death yak
  7963 | D:8      | Noticed a thrashing horror
  7963 | D:8      | Found a staircase to the Lair.
  7965 | D:8      | Noticed Grum
  7967 | D:8      | Killed a death yak
  7968 | D:8      | Reached skill level 8 in Stealth
  7968 | D:8      | Killed a death yak
  7970 | D:8      | Noticed a rakshasa
  7972 | D:8      | Noticed a worldbinder
  7974 | D:8      | Noticed a sixfirhy
  7980 | D:8      | Killed Grum
  7993 | D:8      | Noticed a tentacled starspawn
  7993 | D:8      | Noticed a large abomination
  7995 | D:8      | Noticed an orange demon
  7995 | D:8      | Noticed a tentacled starspawn
  7995 | D:8      | Noticed a thrashing horror
  8424 | D:8      | Found a hide-covered altar of Uskayaw.
  9711 | D:9      | Found a roughly hewn altar of Beogh.
 10315 | D:9      | Found a staircase to the Orcish Mines.
 10450 | D:10     | Entered Level 10 of the Dungeon
 10636 | D:10     | Reached skill level 1 in Long Blades
 10636 | D:10     | Reached skill level 1 in Throwing
 11020 | D:10     | Reached skill level 9 in Stealth
 11676 | D:11     | Noticed Maurice
 11763 | D:11     | Banished Maurice
 11764 | D:11     | Reached XP level 11. HP: 85/86 MP: 11/16
 12248 | D:11     | Noticed Psyche
 12250 | D:11     | Banished Psyche
 12276 | D:11     | Paralysed by a hornet for 3 turns
 12437 | D:11     | Reached skill level 1 in Shields
 12800 | Lair:1   | Entered Level 1 of the Lair of Beasts
 14095 | Lair:1   | Corrupted Lair:1
 14095 | Lair:1   | Noticed a spatial maelstrom
 14095 | Lair:1   | Noticed a tentacled starspawn
 14095 | Lair:1   | Noticed a rakshasa
 14095 | Lair:1   | Noticed a shadow demon
 14095 | Lair:1   | Noticed a starcursed mass
 14095 | Lair:1   | Noticed a tentacled starspawn
 14096 | Lair:1   | Noticed a thrashing horror
 14099 | Lair:1   | Reached skill level 10 in Stealth
 16307 | Lair:2   | Found a staircase to the Swamp.
 16416 | Lair:3   | Identified a scroll of acquirement
 16416 | Lair:3   | Acquired a +0 double sword of protection
 16638 | Lair:3   | Found a hole to the Spider Nest.
 16638 | Lair:3   | Noticed an orb spider
 16646 | Lair:3   | Killed an orb spider
 16688 | Lair:3   | Reached skill level 1 in Evocations
 16716 | Lair:3   | Found a sparkling altar of Nemelex Xobeh.
 16862 | Lair:3   | Corrupted Lair:3
 16862 | Lair:3   | Noticed a spatial maelstrom
 16862 | Lair:3   | Noticed a bone dragon
 16863 | Lair:3   | Noticed a green very ugly thing
 16863 | Lair:3   | Mangled by a yak

Illustrated notes

Levels and vault maps discovered:
D:1:      minmay_arrival_three_doors, layout_basic
D:2:      cheibrodos_helix_gallery, layout_loops_ring, zin_treasury,
          uniq_sigmund, uniq_natasha
D:3:      layout_basic, grunt_gozag_breadcrumbs, serial_aquarium,
          aquarium_bridge_square [aquarium_subvault_wall,
          aquarium_subvault_bridge, aquarium_subvault_wall,
          aquarium_subvault_window], aquarium_bridge_long_separate
          [aquarium_subvault_bridge, aquarium_subvault_bridge,
          aquarium_subvault_bridge, aquarium_subvault_bridge,
          aquarium_subvault_wall, aquarium_subvault_window], aquarium_window_3,
          aquarium_window_1, aquarium_window_1, aquarium_view_2c,
          aquarium_view_2a, aquarium_pool_four, nicolae_qazlal_general_emergency
D:4:      layout_rooms, overflow_temple_1_default, serial_shops, shop,
          st_stairs_1, uniq_crazy_yiuf_cottage, uniq_menkaure
D:5:      layout_gridville, minmay_temple_entry_trees, uniq_ijyb
D:6:      layout_basic, grunt_decor_clamped, minmay_misc_feat_tiny
D:7:      layout_loops_ring, old_standard_altar, minivault_27,
          minmay_guarded_unrand_finisher, uniq_harold
D:8:      layout_basic, lemuel_round_altar, dpeg_lair_monsters, uniq_grum
D:9:      layout_cave_pools, david_orc_3, special_room [special_room_orc]
D:10:     layout_roguey
D:11:     layout_loops_ring, uniq_maurice, uniq_psyche
Lair:1:   layout_loops_ring
Lair:2:   layout_cave_pods, minmay_swamp_entry_worms,
          infiniplex_staircase_pool_2
Lair:3:   layout_hall_layers, nicolae_spider_entry_orb_guardian,
          nicolae_volcano_entry_batcave, basic_altar

Skill      XL: |  1  2  3  4  5  6  7  8  9 10 11 |
---------------+----------------------------------+-----
Stealth        | 1 2 3 4 5 6 7 9 10 | 10.8
Invocations    | 2 3 4 5 6 7 |  7.8
Fighting       | 3 4 5 6 7 8 |  8.8
Dodging        | 3 4 5 6 7 |  7.9
Short Blades   | 3 4 5 6 7 |  7.8
Staves         | 1 3 4 |  4.9
Long Blades    | 1 4 |  4.5
Throwing       | 1 3 |  3.1
Shields        | 2 |  2.3
Evocations     | 1 |  1.1
Armour         | |  0.7

Action                   |  1- 3 |  4- 6 |  7- 9 | 10-12 || total
-------------------------+-------+-------+-------+-------++-------
Melee: Short sword       |   128 |   137 |       |       ||   265
       Bite              |     8 |    14 |    21 |    87 ||   130
       Dagger            |       |    70 |    46 |   156 ||   272
       Quarterstaff      |       |       |   204 |   191 ||   395
       Club              |       |       |    16 |       ||    16
       Long sword        |       |       |       |   213 ||   213
       Double sword      |       |       |       |    60 ||    60
Throw: Dart              |       |       |    30 |    19 ||    49
       Throwing net      |       |       |     1 |     4 ||     5
       Boomerang         |       |       |       |    43 ||    43
Invok: Depart the Abyss  |     1 |       |       |       ||     1
       Bend Space        |       |     3 |       |     3 ||     6
       Banish            |       |       |     1 |     2 ||     3
       Corrupt           |       |       |       |     3 ||     3
 Abil: Exsanguinate      |     1 |       |     1 |     1 ||     3
       End Transformatio |       |     1 |       |       ||     1
       Stop Flying       |       |     1 |       |       ||     1
       Bat Form          |       |     1 |       |       ||     1
       Revivify          |       |     1 |       |     1 ||     2
Evoke: Wand              |       |    22 |     7 |    11 ||    40
       Lightning rod     |       |       |       |     4 ||     4
  Use: Scroll            |     6 |     8 |     5 |    22 ||    41
       Potion            |     5 |     2 |     5 |    10 ||    22
 Stab: Sleeping          |     3 |     4 |     3 |     8 ||    18
       Invisible         |     2 |       |     4 |       ||     6
       Petrifying        |       |       |     2 |       ||     2
       Paralysed         |       |       |     4 |     1 ||     5
       Held in net/web   |       |       |     2 |       ||     2
       Distracted        |       |       |       |     1 ||     1
Armor: Leather armour    |    26 |     9 |       |    60 ||    95
       Ring mail         |       |    70 |    95 |   143 ||   308
       Skin              |       |       |       |    54 ||    54
Dodge: Dodged            |    79 |   124 |   198 |   484 ||   885
Block: Tower shield      |       |       |       |    85 ||    85
       Rpst.: Long sword |       |       |       |    32 ||    32
       Double sword      |       |       |       |    16 ||    16
